AoeStats
← BYSNIZ Man Bruno

Arena

508026278Analyzed
3v3 RM · 12d ago on Sep 20, 2026· 55m 9s· 6 players
Game mode
Random Map
Map size
Normal (6 player)
Population
200
Speed
Normal
Resources
Standard
Victory
Conquest
Starting age
Dark Age
Ending age
Imperial Age
RankedLock teamsTeams togetherTeam positionsShared explorationLock speedFull tech treeHidden civsTurbo modeCheats
Victory
Defeat
🇲🇽 Mongols · Mexico
1034
+17
🇺🇸 Magyars · United States
1023
+15
🇺🇸 Huns · United States
970
+16
🇩🇪 Vikings · Germany
999
-15
🇨🇿 Gurjaras · Czechia
986
-15
🇫🇷 Hindustanis · France
983
-15
BYSNIZ Man Bruno
10:33 Feudal Age
12:37 Loom
15:20 Castle Age
13:37 Double-Bit Axe
16:56 Bow Saw
24:55 Horse Collar
27:01 Wheelbarrow
26:30 Heavy Plow
26:54 Gold Mining
26:56 Stone Mining
26:57 Town Watch
28:40 Hand Cart
31:35 Imperial Age
31:34 Gold Shaft Mining
31:34 Stone Shaft Mining
32:27 Ballistics
32:18 Fortified Wall
31:48 Treadmill Crane
32:19 Masonry
32:39 Forging
32:29 Scale Mail Armor
32:19 Fletching
32:29 Padded Archer Armor
32:35 Scale Barding Armor
32:45 Town Patrol
32:34 Elite Shrivamsha Rider
33:48 Husbandry
33:59 Bloodlines
33:33 Heavy Camel Rider
35:26 Iron Casting
36:08 Chain Mail Armor
35:48 Bodkin Arrow
36:09 Leather Archer Armor
37:19 Crop Rotation
37:13 Chain Barding Armor
38:54 Elite Chakram Thrower
46:35 Light Cavalry
snake11
11:10 Feudal Age
12:41 Loom
15:36 Castle Age
13:58 Double-Bit Axe
14:11 Horse Collar
16:44 Town Watch
24:59 Bow Saw
24:53 Heavy Plow
24:47 Gold Mining
24:49 Stone Mining
26:46 Fortified Wall
27:42 Town Patrol
32:02 Imperial Age
30:40 Fletching
30:50 Scale Mail Armor
31:01 Forging
30:56 Chieftains
31:33 Ballistics
31:24 Masonry
32:52 Chain Mail Armor
32:32 Bodkin Arrow
32:46 Squires
32:31 Arson
33:14 Elite Skirmisher
34:28 Plate Mail Armor
34:33 Iron Casting
33:59 Padded Archer Armor
35:18 Bracer
36:25 Chemistry
37:11 Conscription
37:32 Iron Casting
38:57 Elite Berserk
41:02 Padded Archer Armor
54:49 Blast Furnace
54:05 Leather Archer Armor
frizboum
0:45 Loom
10:25 Feudal Age
11:52 Double-Bit Axe
11:50 Horse Collar
12:48 Wheelbarrow
12:22 Stone Mining
16:23 Gold Mining
19:47 Castle Age
18:42 Scale Mail Armor
19:32 Forging
19:15 Fletching
20:38 Heavy Plow
21:03 Bow Saw
22:06 Coinage
22:18 Hand Cart
22:40 Scale Barding Armor
23:44 Chain Mail Armor
25:47 Fortified Wall
25:33 Murder Holes
26:51 Grand Trunk Road
26:56 Caravan
30:58 Ballistics
33:37 Imperial Age
31:05 Pikeman
31:45 Squires
32:23 Iron Casting
32:52 Bodkin Arrow
33:58 Chain Barding Armor
35:31 Blast Furnace
35:02 Conscription
36:14 Chemistry
37:00 Two-Man Saw
38:09 Gold Shaft Mining
45:10 Bracer
45:14 Padded Archer Armor
45:59 Masonry
BittenDork
10:40 Feudal Age
15:03 Castle Age
13:35 Double-Bit Axe
21:50 Bow Saw
22:46 Wheelbarrow
22:07 Horse Collar
23:39 Gold Mining
28:50 Imperial Age
28:24 Bloodlines
28:15 Husbandry
28:43 Fletching
29:41 Hand Cart
29:32 Heavy Cavalry Archer
31:10 Parthian Tactics
31:09 Ballistics
30:49 Bodkin Arrow
31:18 Thumb Ring
31:29 Heavy Plow
31:46 Bracer
32:18 Conscription
32:17 Padded Archer Armor
32:50 Recurve Bow
34:08 Chemistry
34:02 Leather Archer Armor
35:21 Crop Rotation
35:26 Scale Barding Armor
35:45 Corvinian Army
35:47 Elite Magyar Huszar
37:00 Capped Ram
38:14 Chain Barding Armor
39:38 Plate Barding Armor
54:12 Ring Archer Armor
Mario
0:44 Loom
10:27 Feudal Age
11:00 Double-Bit Axe
11:52 Horse Collar
18:08 Castle Age
16:26 Stone Mining
16:54 Gold Mining
20:55 Wheelbarrow
21:31 Bow Saw
21:25 Fletching
24:37 Bodkin Arrow
27:18 Padded Archer Armor
27:45 Hand Cart
31:26 Imperial Age
29:57 Gold Shaft Mining
30:39 Leather Archer Armor
31:28 Ballistics
32:14 Bracer
32:17 Husbandry
33:46 Chemistry
33:03 Masonry
33:54 Conscription
33:57 Town Watch
35:31 Bloodlines
35:36 Elite Mangudai
36:13 Light Cavalry
38:29 Onager
40:20 Scale Barding Armor
40:26 Forging
41:26 Chain Barding Armor
41:55 Drill
44:19 Capped Ram
51:29 Hoardings
Amaturehour15
9:17 Feudal Age
9:50 Double-Bit Axe
9:47 Horse Collar
9:59 Gold Mining
14:32 Wheelbarrow
19:52 Castle Age
19:39 Stone Mining
20:17 Bloodlines
20:15 Scale Barding Armor
21:11 Husbandry
21:25 Forging
21:19 Heavy Plow
21:35 Bow Saw
26:05 Hand Cart
26:32 Gold Shaft Mining
31:15 Imperial Age
28:33 Loom
29:14 Marauders
29:39 Chain Barding Armor
32:32 Iron Casting
32:32 Plate Barding Armor
33:32 Two-Man Saw
34:44 Conscription
34:36 Elite Tarkan
39:52 Blast Furnace
44:15 Pikeman
44:56 Squires
45:02 Halberdier
45:48 Scale Mail Armor
49:59 Chain Mail Armor
Connection lost

Rejoining the realm…

Still unreachable

The connection could not be restored.

Session expired

The server has moved on; the page needs a fresh start.